 Dungeon Crawl Stone Soup version 0.28-a0-258-g8de209e91f (webtiles) character file.

Game seed: 9350772642383434455

34638 mathmaestro the Grappler (level 13, -17/137 HPs)
             Began as a Troll Monk on Aug 24, 2021.
             Was an Elder of Jiyva.
             Demolished by an entropy weaver simulacrum (19 damage)
             ... in an ice cave on Aug 27, 2021.
             The game lasted 00:49:58 (13073 turns).

mathmaestro the Grappler (Troll Monk)              Turns: 13073, Time: 00:50:00

Health: -17/137    AC: 16    Str: 26    XL:     13   Next: 43%
Magic:  12/12      EV: 10    Int:  6    God:    Jiyva [****..]
Gold:   651        SH: 17    Dex: 14    Spells: 12/12 levels left

rFire   x . .      SeeInvis .     - Unarmed
rCold   + . .      Faith    .   z - +1 tower shield {reflect}
rNeg    . . .      Spirit   .   x - +0 steam dragon scales
rPois   .          Reflect  +   g - +1 hat
rElec   .          Harm     .   o - +2 cloak
rCorr   +          Rampage  .   (gloves unavailable)
Will    .....                   (boots unavailable)
Stlth   +++.......              (no amulet)
HPRegen 1.32/turn               e - ring of ice
MPRegen 0.13/turn               E - +4 ring of protection

@: no status effects
A: large, unfitting armour, claws 3, regeneration 1, shaggy fur 1, tough skin 1,
thin skeletal structure 1, MP-powered wands
a: Renounce Religion, Request Jelly, Slimify


You were in an ice cave.
You worshipped Jiyva.
Jiyva was greatly pleased with you.
You visited 4 branches of the dungeon, and saw 19 of its levels.
You also visited: Ossuary and Ice Cave.

You collected 1765 gold pieces.
You spent 1114 gold pieces at shops.

Inventory:

Hand Weapons
 d - a +4 dagger of venom
Missiles
 l - 17 boomerangs (quivered)
 A - 7 datura-tipped darts
 B - 6 curare-tipped darts
Armour
 g - a +1 hat (worn)
 o - a +2 cloak (worn)
 x - +0 steam dragon scales (worn)
 z - a +1 tower shield of reflection (worn)
Jewellery
 c - an amulet of faith
 e - a ring of ice (left claw)
 v - a +6 ring of dexterity
 E - a +4 ring of protection (right claw)
 F - a ring of protection from fire
Wands
 a - a wand of iceblast (8)
 f - a wand of charming (13)
 r - a wand of flame (43)
 y - a wand of paralysis (6)
Scrolls
 h - 8 scrolls of identify
 i - 4 scrolls of amnesia
 k - 2 scrolls of enchant armour
 p - 4 scrolls of teleportation
 q - 2 scrolls of fog
 s - 2 scrolls of immolation
 w - a scroll of vulnerability
 D - 3 scrolls of blinking
 I - a scroll of silence
 J - a scroll of fear
Potions
 b - 5 potions of resistance
 j - a potion of magic
 m - 2 potions of haste
 n - 3 potions of flight
 t - 2 potions of lignification
 u - 3 potions of brilliance
 C - a potion of invisibility
 G - a potion of cancellation
Miscellaneous
 H - a tin of tremorstones (2/2)


   Skills:
 + Level 11.1 Fighting
 + Level 5.4 Armour
 - Level 5.0 Dodging
 - Level 1.0 Stealth
 * Level 10.2 Shields
 + Level 12.9 Unarmed Combat


You had 12 spell levels left.
You didn't know any spells.
Your spell library contained the following spells:

 Spells                   Type           Power      Damage    Failure   Level
 Animate Skeleton         Necr           0%         N/A       80%         1
 Apportation              Tloc           0%         N/A       80%         1
 Corona                   Hex            0%         N/A       80%         1
 Magic Dart               Conj           0%         1d3       80%         1
 Summon Small Mammal      Summ           0%         N/A       80%         1
 Ensorcelled Hibernation  Hex/Ice        0%         N/A       91%         2
 Searing Ray              Conj           0%         3d3       91%         2
 Call Canine Familiar     Summ           0%         N/A       99%         3
 Dazzling Flash           Conj/Hex       0%         N/A       99%         3
 Gell's Gravitas          Tloc           0%         N/A       99%         3
 Lesser Beckoning         Tloc           0%         N/A       99%         3
 Stone Arrow              Conj/Erth      0%         3d7       99%         3
 Summon Guardian Golem    Hex/Summ       0%         N/A       99%         3
 Teleport Other           Tloc           0%         N/A       99%         3
 Tukima's Dance           Hex            0%         N/A       99%         3
 Airstrike                Air            0%         N/A       100%        4
 Animate Armour           Summ/Erth      0%         N/A       100%        4
 Fulminant Prism          Conj/Hex       0%         3d6       100%        4
 Iskenderun's Mystic Bla  Conj/Tloc      0%         2d3       100%        4
 Summon Lightning Spire   Summ/Air       0%         N/A       100%        4
 Fireball                 Conj/Fire      0%         3d3       100%        5
 Iskenderun's Battlesphe  Conj           0%         2d6       100%        5
 Lightning Bolt           Conj/Air       0%         1d11      100%        5
 Conjure Ball Lightning   Conj/Air       0%         3x3d6     100%        6
 Starburst                Conj/Fire      0%         6d3       100%        6
 Orb of Destruction       Conj           0%         N/A       100%        7
 Lehudib's Crystal Spear  Conj/Erth      0%         10d2      100%        8


Dungeon Overview and Level Annotations

Branches:
Dungeon (11/15)            Temple (1/1) D:5            Lair (6/6) D:11
 Shoals (0/4) Lair:3        Slime (0/5) Lair:5          Orc (1/2) D:10
Ossuary (visited)           IceCv (1/1)
  Snake: Lair:2-4    Spider: Lair:2-4

Altars:
Ashenzari
Cheibriados
Dithmenos
Elyvilon
Fedhas
Gozag
Hepliaklqana
Kikubaaqudgha
Makhleb
Nemelex Xobeh
Okawaru
Qazlal
Ru
Sif Muna
Trog
Uskayaw
Vehumet
Wu Jian
Xom
Yredelemnul
Zin
The Shining One
Jiyva

Shops:
D:3 ?   D:6 (   D:10 :(:*   Orc:1 ?*(:

Annotations:
D:10 1 runed translucent door, rabbitsville's ghost, journeyman MiFi
Lair:1 1 transporter, Combatereak's ghost, journeyman DsGl


Innate Abilities, Weirdness & Mutations

You are too large for most types of armour.
You have claws for hands.
Your natural rate of healing is unusually fast.
You are covered in fur. (AC +1)
You have tough skin. (AC +1)
You have a somewhat thin skeletal structure. (Dex +2, Stealth+)
You expend magic power (3 MP) to strengthen your wands.


Message History

The entropy weaver simulacrum freezes you!
You resist.
You scratch the entropy weaver simulacrum.
The entropy weaver simulacrum is lightly damaged.
You block the entropy weaver simulacrum's attack.
The entropy weaver simulacrum hits you but does no damage.
The entropy weaver simulacrum barely misses you.
The entropy weaver simulacrum hits you but does no damage.
You barely miss the entropy weaver simulacrum.
The entropy weaver simulacrum is lightly damaged.
The entropy weaver simulacrum hits you but does no damage.
You block the entropy weaver simulacrum's attack.
The entropy weaver simulacrum hits you but does no damage.
The entropy weaver simulacrum closely misses you.
You barely miss the entropy weaver simulacrum.
The entropy weaver simulacrum is lightly damaged.
The entropy weaver simulacrum hits you.
The entropy weaver simulacrum freezes you!
You resist.
* * * LOW HITPOINT WARNING * * *
The entropy weaver simulacrum hits you.
* * * LOW HITPOINT WARNING * * *
The entropy weaver simulacrum freezes you!
You resist.
* * * LOW HITPOINT WARNING * * *
You block the entropy weaver simulacrum's attack.
The entropy weaver simulacrum closely misses you.
You claw the entropy weaver simulacrum!
The entropy weaver simulacrum is heavily damaged.
The entropy weaver simulacrum hits you.
* * * LOW HITPOINT WARNING * * *
The entropy weaver simulacrum freezes you!
You resist.
* * * LOW HITPOINT WARNING * * *
You block the entropy weaver simulacrum's attack.
The entropy weaver simulacrum hits you.
* * * LOW HITPOINT WARNING * * *
The entropy weaver simulacrum freezes you!!
You resist.
You die...

##.8...8.#
.........+
###.8...8J##
..........
#.8...8.#
+.......+
#.8...8Z###
+.......@Z#
#+#...#.###
#...#.#
#...### #...#
##+#...#
#⌠)##.##
###44#...# 4#
#.####...####.


You could see 2 entropy weaver simulacra and a neutral jelly (wandering) (fellow
slime).

Vanquished Creatures
  Gastronok (D:8)
  A boulder beetle (Lair:6)
  2 hydras
  3 death yaks
  Sonja (Lair:3)
  Pikel (D:3)
  An orc knight (Orc:1)
  3 elephants (Lair:3)
  A black mamba (Lair:6)
  2 ice statues (IceCv)
  A gargoyle (D:11)
  2 torpor snails
  4 cane toads
  2 rime drakes
  An unseen horror (D:6)
  5 komodo dragons
  4 merfolk (Lair:3)
  2 trolls (Orc:1)
  2 hornets (D:9)
  7 blink frogs
  4 dream sheep (Lair:6)
  5 slime creatures (D:11)
  A large abomination (Lair:6)
  2 shadows (D:10)
  Eustachio (D:6)
  2 wraiths (D:10)
  2 wyverns
  A dire elephant simulacrum (IceCv)
  43 yaks
  2 basilisks
  A death yak simulacrum (IceCv)
  4 steam dragons
  Menkaure (D:6)
  A two-headed ogre zombie (D:10)
  4 wargs (Orc:1)
  2 acid dragons (D:11)
  7 water moccasins
  Duvessa (D:5)
  10 orc warriors
  2 ice beasts (D:6)
  A sky beast (D:6)
  4 ogres (Orc:1)
  3 centaurs
  A phantom (D:5)
  2 small abominations (Lair:6)
  2 lemures (D:3)
  Blork the orc (D:6)
  A kobold brigand (D:7)
  13 bullfrogs
  A gnoll sergeant (D:9)
  12 scorpions
  2 water moccasin zombies (D:6)
  A two-headed ogre simulacrum (IceCv)
  Dowan (D:5)
  3 troll zombies (D:10)
  7 killer bees
  7 wights
  2 howler monkeys (D:6)
  6 centaur zombies
  A bullfrog zombie (D:6)
  A human zombie (Ossuary)
  5 hounds
  2 jellies
  2 centaur skeletons
  5 orc priests
  4 iguanas
  10 orc wizards
  3 scorpion zombies (Ossuary)
  A polar bear simulacrum (IceCv)
  A troll simulacrum (IceCv)
  A wolf simulacrum (IceCv)
  4 ogre zombies (D:10)
  2 hound zombies (D:5)
  3 mummies (Ossuary)
  2 howler monkey zombies
  5 gnolls
  8 adders
  A naga simulacrum (IceCv)
  3 white imps
  An ufetubus (D:4)
  2 worms
  4 dart slugs
  36 orcs
  9 ball pythons
  4 endoplasms
  2 giant cockroaches (D:2)
  A gnoll zombie (Ossuary)
  6 goblins
  7 hobgoblins
  3 jackals (D:3)
  6 quokkas
  11 bats
  5 frilled lizards
  2 goblin skeletons (D:10)
  2 goblin zombies
  A hobgoblin skeleton (D:10)
  6 hobgoblin zombies
  7 kobolds
  6 kobold zombies (Ossuary)
  2 orc skeletons (D:10)
  19 orc zombies
  4 rats
  A spectral goblin (D:8)
423 creatures vanquished.

Vanquished Creatures (others)
  A howler monkey (D:8)
  8 jellies
  A shadow imp (D:7)
  26 fungi
  39 plants
75 creatures vanquished.

Grand Total: 498 creatures vanquished

Notes
Turn   | Place    | Note
-------+----------+-------------------------------------------
     0 | D:1      | mathmaestro the Troll Monk began the quest for the Orb.
     0 | D:1      | Reached XP level 1. HP: 22/22 MP: 0/0
   352 | D:1      | Reached XP level 2. HP: 25/29 MP: 1/1
   623 | D:1      | Found a faded altar of an unknown god.
   918 | D:2      | Reached XP level 3. HP: 33/36 MP: 2/2
  1814 | D:3      | Reached XP level 4. HP: 45/45 MP: 3/3
  1844 | D:3      | Reached skill level 4 in Unarmed Combat
  2027 | D:3      | Found a glowing golden altar of the Shining One.
  2205 | D:3      | Found a blossoming altar of Fedhas.
  2205 | D:3      | Found a basalt altar of Yredelemnul.
  2207 | D:3      | Found an ornate altar of the Wu Jian Council.
  2353 | D:3      | Found Ytwal's Magic Scroll Shoppe.
  2362 | D:3      | Bought a scroll of teleportation for 42 gold pieces
  2362 | D:3      | Bought a scroll of identify for 28 gold pieces
  2362 | D:3      | Bought a scroll of identify for 28 gold pieces
  2456 | D:4      | Reached XP level 5. HP: 42/53 MP: 4/4
  2590 | D:4      | Found an opulent altar of Gozag.
  2596 | D:4      | Noticed a lemure
  2596 | D:4      | Noticed a lemure
  2597 | D:4      | Noticed Pikel
  2597 | D:4      | Noticed a lemure
  2599 | D:4      | Noticed a lemure
  2607 | D:3      | Killed a lemure
  2616 | D:3      | Killed a lemure
  2646 | D:3      | Killed Pikel
  2647 | D:3      | Reached skill level 5 in Unarmed Combat
  2647 | D:3      | Reached XP level 6. HP: 20/63 MP: 5/5
  2647 | D:3      | Reached XP level 7. HP: 22/71 MP: 6/6
  3039 | D:4      | Found a broken altar of Ashenzari.
  3128 | D:5      | Entered Level 5 of the Dungeon
  3130 | D:5      | Noticed Dowan
  3131 | D:5      | Noticed Duvessa
  3139 | D:5      | Killed Dowan
  3151 | D:5      | Killed Duvessa
  3194 | D:5      | Reached XP level 8. HP: 68/79 MP: 7/7
  3239 | D:5      | Found a staircase to the Ecumenical Temple.
  3258 | Temple   | Entered the Ecumenical Temple
  3506 | D:5      | Reached skill level 6 in Unarmed Combat
  3536 | D:5      | Reached skill level 5 in Fighting
  4060 | D:6      | Found a sand-covered staircase.
  4067 | Ossuary  | Entered an ossuary
  4127 | Ossuary  | Reached skill level 5 in Dodging
  4350 | Ossuary  | Reached XP level 9. HP: 89/89 MP: 8/8
  4362 | Ossuary  | Reached skill level 7 in Unarmed Combat
  4518 | Ossuary  | Identified 2 scrolls of acquirement
  4518 | Ossuary  | Acquired 671 gold pieces
  4520 | Ossuary  | Acquired a +1 hat
  4687 | D:3      | Bought a scroll of teleportation for 42 gold pieces
  4687 | D:3      | Bought a scroll of immolation for 49 gold pieces
  4687 | D:3      | Bought a scroll of enchant armour for 105 gold pieces
  4687 | D:3      | Bought a scroll of identify for 28 gold pieces
  4814 | D:6      | Noticed Menkaure
  4820 | D:6      | Killed Menkaure
  5150 | D:6      | Noticed Blork the orc
  5157 | D:6      | Killed Blork the orc
  5158 | D:6      | Reached skill level 5 in Armour
  5255 | D:6      | Found a stormy altar of Qazlal.
  5339 | D:6      | Noticed Eustachio
  5349 | D:6      | Killed Eustachio
  5458 | D:6      | Found Zuerua's Weapon Shop.
  5499 | D:6      | Reached skill level 8 in Unarmed Combat
  5677 | D:6      | Killed an unseen horror
  5813 | D:7      | Noticed a +0 falchion
  5813 | D:7      | Noticed a +0 dagger
  5813 | D:7      | Noticed a +0 dagger
  5814 | D:7      | Noticed a +0 spear
  5815 | D:7      | Noticed a +0 short sword
  5815 | D:7      | Noticed a +0 falchion
  5816 | D:7      | Noticed a +0 short sword
  5816 | D:7      | Noticed a +0 spear
  5828 | D:7      | Found a hide-covered altar of Uskayaw.
  6013 | D:7      | Found a shimmering altar of Xom.
  6356 | D:7      | Found a shimmering blue altar of Sif Muna.
  6446 | D:8      | Found a sparkling altar of Nemelex Xobeh.
  6485 | D:8      | Noticed Gastronok
  6509 | D:8      | Killed Gastronok
  6510 | D:8      | Reached skill level 9 in Unarmed Combat
  6510 | D:8      | Reached XP level 10. HP: 93/104 MP: 9/9
  6688 | D:8      | Found a radiant altar of Vehumet.
  6704 | D:8      | Reached skill level 10 in Unarmed Combat
  7004 | D:8      | Acquired a +1 tower shield of reflection
  7158 | D:8      | Found a hazy altar of Hepliaklqana.
  7678 | D:9      | Reached skill level 1 in Shields
  8003 | D:10     | Entered Level 10 of the Dungeon
  8003 | D:10     | Found Ethupn's Weapon Shoppe.
  8095 | D:10     | Found Ciaplos's Book Shoppe.
  8149 | D:10     | Reached XP level 11. HP: 73/115 MP: 10/10
  8188 | D:10     | Found a staircase to the Orcish Mines.
  8319 | D:10     | Found Azaxutef's Book Emporium.
  8419 | D:10     | Found Zufephom's Assorted Antiques.
  8427 | D:10     | Bought a tubular golden ring for 180 gold pieces
  8427 | D:10     | Bought a scroll of fog for 72 gold pieces
  8427 | D:10     | Bought a scroll labelled DEILIUS WUENICO for 36 gold pieces
  8429 | D:10     | Bought a scroll of fear for 126 gold pieces
  8510 | D:10     | Found a runed translucent door.
  8510 | D:10     | Noticed rabbitsville's ghost (journeyman MiFi)
  8510 | D:10     | Noticed a boulder beetle
  8842 | D:11     | Reached skill level 5 in Shields
  8842 | D:11     | Reached skill level 11 in Unarmed Combat
  8883 | D:11     | Found a staircase to the Lair.
  8909 | D:11     | Noticed a seven-headed hydra
  9571 | Lair:1   | Entered Level 1 of the Lair of Beasts
  9581 | Lair:1   | Noticed a seven-headed hydra
  9629 | Lair:2   | Noticed a death yak
  9639 | Lair:2   | HP: 2/115 [death yak[a torpor snail] (22)]
  9648 | Lair:2   | Killed a death yak
  9839 | Lair:2   | Noticed a four-headed hydra
  9864 | Lair:2   | HP: 2/117 [four-headed hydra (12)]
  9868 | Lair:2   | Killed a four-headed hydra
 10060 | Lair:2   | Reached XP level 12. HP: 80/126 MP: 11/11
 10126 | Lair:3   | Reached skill level 10 in Fighting
 10161 | Lair:3   | Noticed Sonja
 10170 | Lair:3   | Killed Sonja
 10192 | Lair:3   | Found a staircase to the Shoals.
 10213 | Lair:3   | HP: 5/126 [merfolk (3)]
 10477 | Lair:3   | Reached skill level 12 in Unarmed Combat
 10715 | Lair:6   | Entered Level 6 of the Lair of Beasts
 10946 | Lair:6   | Noticed a seven-headed hydra
 10962 | Lair:6   | Killed a seven-headed hydra
 11151 | Lair:6   | Noticed a death yak
 11151 | Lair:6   | Noticed a death yak
 11316 | Lair:6   | Killed a death yak
 11317 | Lair:6   | Reached XP level 13. HP: 123/135 MP: 12/12
 11726 | Lair:5   | Found an opulent altar of Gozag.
 11826 | Lair:5   | Found a viscous altar of Jiyva.
 11826 | Lair:5   | Found a staircase to the Slime Pits.
 11844 | Lair:5   | Became a worshipper of Jiyva Juth the Shapeless
 11844 | Lair:5   | Reached * piety under Jiyva
 11844 | Lair:5   | Reached ** piety under Jiyva
 11845 | Lair:5   | Upgraded the game from 0.28-a0-245-g639a1a48b9 to
                  | 0.28-a0-258-g8de209e91f
 12081 | Lair:1   | Found a transporter.
 12101 | Lair:1   | Noticed Combatereak's ghost (journeyman DsGl)
 12349 | D:11     | Identified the +2 scale mail of the Orb {rPois}
 12517 | Orc:1    | Entered Level 1 of the Orcish Mines
 12560 | Orc:1    | Reached skill level 10 in Shields
 12571 | Orc:1    | Found Peymoemu's General Store.
 12579 | Orc:1    | Bought a scroll of blinking for 90 gold pieces
 12579 | Orc:1    | Bought a potion of resistance for 120 gold pieces
 12604 | Orc:1    | Reached *** piety under Jiyva
 12604 | Orc:1    | Gained mutation: You expend magic power (3 MP) to
                  | strengthen your wands. [Jiyva's grace]
 12665 | Orc:1    | Reached **** piety under Jiyva
 12735 | Orc:1    | Found Xuypp's Weapon Emporium.
 12790 | Orc:1    | Found Ponerhen's Book Shoppe.
 12815 | Orc:1    | Gained mutation: You have a somewhat thin skeletal
                  | structure. (Dex +2, Stealth+) [Jiyva's grace]
 12890 | Orc:1    | Found Iggateb's Magic Scroll Shoppe.
 12898 | Orc:1    | Bought a scroll of teleportation for 48 gold pieces
 12898 | Orc:1    | Bought a scroll of fear for 56 gold pieces
 12898 | Orc:1    | Bought a scroll of identify for 32 gold pieces
 12898 | Orc:1    | Bought a scroll of identify for 32 gold pieces
 12899 | Orc:1    | Found a frozen archway.
 12910 | IceCv    | Entered an ice cave
 13073 | IceCv    | HP: 6/137 [entropy weaver simulacrum (13)]
 13073 | IceCv    | HP: 2/137 [entropy weaver simulacrum (4)]
 13073 | IceCv    | Demolished by an entropy weaver simulacrum

Illustrated notes

Levels and vault maps discovered:
D:1:      lightli_arrival_boilingwater, layout_loops_corners,
          chequers_ecumenical_altar_lobes
D:2:      layout_loops_ring
D:3:      minmay_thinvault, layout_loops_ring, tso_altar,
          gammafunk_temple_overflow_claw, serial_shops, nicolae_shop_crystal,
          serial_bayou_ford_a
D:4:      layout_basic, old_standard_altar, mainiacjoe_overflow_boulevard,
          st_stairs_4, kennysheep_another_room, uniq_pikel
D:5:      layout_loops_ring, temple_fountains, uniq_duvessa
D:6:      minmay_chambers_of_sixes, layout_cave_pods, kennysheep_mini_moat,
          serial_shops, nicolae_lakefront_shop, enter_ossuary_1, uniq_menkaure,
          uniq_eustachio, uniq_blork_the_orc
D:7:      layout_rooms, tgw_sif, nicolae_uskayaw_en_pointe, xom_butterflies,
          kennysheep_potato
D:8:      layout_loops_corners, nicolae_hepliaklqana_monster_ancestors,
          vehumet_crystals, nicolae_overflow_crystal_walls,
          minmay_splitting_lines, lemuel_flame_loot_1, uniq_gastronok
D:9:      layout_cross
D:10:     layout_roguey, zombieorc2_lemuel, serial_shops, shop, shop,
          nicolae_stop_n_shop_2, nicolae_diamond_shop,
          ebering_ghost_inner_flame, kennysheep_flooded_box
D:11:     layout_stronghold, due_lair_maze_entry_diamond
Temple:   dpeg_three_leaves_temple
Lair:1:   layout_gridlike, gammafunk_ghost_berserking_beasts,
          lemuel_another_geyser
Lair:2:   layout_cave_pods, pond, grunt_megastairs_3
Lair:3:   layout_concentric_octagons, elwin_shoals_entry_stream, uniq_urug,
          uniq_sonja
Lair:4:   layout_regular_city, spider_nest_entry_web_field, serial_bayou_shore_a
Lair:5:   layout_regular_city, slime_altar_1, ebering_ghost_disaster_area,
          basic_altar
Lair:6:   hellmonk_lair_end_abyssal_woods, layout_regular_city
Orc:1:    layout_caves, portal_ice_cave_entry_pillars_1, serial_shops,
          nicolae_shop_stone, nicolae_square_shop, shop,
          nicolae_shop_waterfront, nicolae_shop_statue_plus
IceCv:    ice_cave_tombish

Skill      XL: |  1  2  3  4  5  6  7  8  9 10 11 12 13 |
---------------+----------------------------------------+-----
Dodging        | 3 4 5 |  5.0
Fighting       | 3 4 5 8 9 10 11 | 11.1
Unarmed Combat | 4 5 6 9 10 11 12 | 12.9
Armour         | 2 3 4 5 |  5.4
Shields        | 3 6 9 10 | 10.2
Stealth        | |  1.0

Action                   |  1- 3 |  4- 6 |  7- 9 | 10-12 | 13-15 || total
-------------------------+-------+-------+-------+-------+-------++-------
Melee: Unarmed           |   103 |   102 |   382 |   653 |   267 ||  1507
       Punch             |     2 |     2 |    13 |     1 |       ||    18
       Dagger            |       |       |       |    24 |       ||    24
       Hand axe          |       |       |       |     3 |       ||     3
Throw: Boomerang         |       |       |     9 |    14 |       ||    23
       Throwing net      |       |       |       |     1 |       ||     1
Evoke: Wand              |       |       |     1 |    23 |       ||    24
  Use: Scroll            |       |     5 |    13 |    16 |     1 ||    35
       Potion            |       |       |     2 |     9 |       ||    11
 Stab: Sleeping          |     3 |     4 |     4 |     4 |     1 ||    16
       Paralysed         |       |       |       |     4 |       ||     4
       Held in net/web   |       |       |       |     1 |       ||     1
Armor: Robe              |    42 |    37 |   136 |       |       ||   215
       Steam dragon scal |       |       |    26 |   353 |   103 ||   482
       Skin              |       |       |       |    51 |       ||    51
Dodge: Dodged            |    57 |    52 |   225 |   256 |    64 ||   654
Block: Tower shield      |       |       |       |   706 |   261 ||   967
       Reflection        |       |       |       |     8 |     5 ||    13

Table legend: (Time is in decaauts)
 A = Elapsed time spent in this place.
 B = Non-inter-level travel time spent in this place.
 C = Inter-level travel time spent in this place.
 D = Time resting spent in this place.
 E = Time spent auto-exploring this place.
 F = Levels seen in this place.
 G = Mean time per level.
                   A        B        C        D        E       F      G
               +--------+--------+--------+--------+--------+-----+--------+
         Total |  13151 |  11988 |   1163 |    957 |   7138 |  21 |  626.2 |
       Dungeon |   9471 |   8468 |   1003 |    441 |   5862 |  11 |  861.0 |
        Temple |     90 |     75 |     15 |      0 |     63 |   1 |   90.0 |
          Lair |   2575 |   2430 |    145 |    417 |    836 |   6 |  429.2 |
  Orcish Mines |    383 |    383 |      0 |      0 |    183 |   1 |  383.0 |
       Ossuary |    472 |    472 |      0 |     75 |    149 |   1 |  472.0 |
      Ice Cave |    157 |    157 |      0 |     24 |     45 |   1 |  157.0 |
               +--------+--------+--------+--------+--------+-----+--------+

Top non-repeatable levels by time:
     D:8: 1164 daAuts
     D:3: 1155 daAuts
    D:11: 1024 daAuts
     D:5: 1015 daAuts
    D:10: 961 daAuts
     D:6: 889 daAuts
  Lair:6: 889 daAuts
     D:1: 875 daAuts
     D:7: 706 daAuts
     D:4: 695 daAuts
  Lair:3: 569 daAuts
     D:2: 534 daAuts
  Lair:2: 532 daAuts
 Ossuary: 472 daAuts
     D:9: 448 daAuts
